 Dungeon Crawl Stone Soup version 0.30.0-15-g856e2d3f33 (webtiles) character file.

Game seed: 3532696260164258003

721 NateTC the Conjurer (level 7, -7/29 (36) HPs)
             Began as a Deep Elf Earth Elementalist on May 19, 2023.
             Mangled by a wight
             ... wielding a +0 trident
              (9 damage)
             ... on level 6 of the Dungeon.
             The game lasted 00:07:09 (4261 turns).

NateTC the Conjurer (Deep Elf Earth Elementalist)   Turns: 4261, Time: 00:07:10

HP:   -7/29 (36)    AC:  4    Str:  5    XL:     7   Next: 42%
MP:   14/18         EV: 12    Int: 28    God:
Gold: 222           SH:  5    Dex: 15    Spells: 14/18 levels left

rFire   . . .        (no weapon)
rCold   . . .        (no shield)
rNeg    . . .        a - +0 robe
rPois   .            l - +0 helmet
rElec   .            (no cloak)
rCorr   .            (no gloves)
SInv    .            o - +0 pair of boots
Will    .....        s - amulet of reflection
Stlth   ++           h - +6 ring of intelligence
HPRegen 0.24/turn    (no ring)
MPRegen 0.16/turn

%: reflection
@: heavily drained
A: no striking features
a: no special abilities


You were on level 6 of the Dungeon.
You visited 1 branch of the dungeon, and saw 6 of its levels.

You collected 222 gold pieces.

Inventory:

Armour
 a - a +0 robe (worn)
 l - a +0 helmet (worn)
 o - a +0 pair of boots (worn)
Jewellery
 h - a +6 ring of intelligence (left hand)
 s - an amulet of reflection (around neck)
Wands
 m - a wand of paralysis (17)
 n - a wand of digging (9)
 q - a wand of light (7)
Scrolls
 c - 2 scrolls of blinking
 g - a scroll of teleportation
 t - a scroll of enchant weapon
Potions
 b - a potion of magic
 d - a potion of heal wounds {unknown}
 e - a potion of lignification
 f - a potion of attraction {unknown}
 i - 3 potions of invisibility
 j - 5 potions of curing
 k - 4 potions of mutation {unknown}
 p - 2 potions of resistance {unknown}
 u - a potion of might {unknown}
 v - a potion of ambrosia {unknown}


   Skills:
 - Level 2.4 Dodging
 - Level 2.4 Stealth
 - Level 6.0 Spellcasting
 * Level 6.2 Conjurations
 - Level 1.1 Transmutations
 + Level 5.6 Earth Magic


You had 14 spell levels left.
You knew the following spells:

 Your Spells              Type           Power      Damage    Failure   Level
a - Sandblast             Erth           78%        2d17      1%          1
b - Stone Arrow           Conj/Erth      82%        3d12      1%          3

Your spell library contained the following spells:

 Spells                   Type           Power      Damage    Failure   Level
 Kiss of Death            Conj/Necr      100%       2d13      1%          1
 Passwall                 Tmut/Erth      22%        N/A       2%          2
 Lesser Beckoning         Tloc           16%        N/A       9%          2
 Petrify                  Tmut/Erth      27%        N/A       16%         4
 Confusing Touch          Hex            8%         N/A       19%         3
 Gell's Gravitas          Tloc           8%         N/A       19%         3
 Teleport Other           Tloc           8%         N/A       19%         3
 Dispel Undead            Necr           8%         3d8       52%         4


Dungeon Overview and Level Annotations

Branches:
Dungeon (6/15) Zot: 26259
 Temple: D:4-7

Altars:

Shops:
D:4 :


Message History

The wight is severely damaged.
There is a stone staircase leading up, spattered with blood here.
The wight hits you from afar with a +0 spear!
* * * LOW HITPOINT WARNING * * *
The wight closely misses you.
You climb upwards.
There is a stone staircase leading down here.
You start resting.
Magic restored.
You start resting.
HP restored.
You climb downwards.
The wight hits you with a +5 short sword.
You feel drained.
There is a stone staircase leading up, spattered with blood here.
The blast of sand hits the wight!
The wight is heavily damaged.
You block the wight's attack.
The wight hits you from afar with a +0 trident!
The wight hits you with a +5 short sword.
You feel drained.
You are too injured to fight recklessly!
You are too injured to fight recklessly!
You are too injured to fight recklessly!
Casting: Sandblast (safe; 1% risk of failure)
Confirm with . or Enter, or press ? or * to list all spells.
Aiming: Stone Arrow (safe; 1% risk of failure)
Press: ? - help, Shift-Dir - straight line, f/p - wight
Aim: a wight, wielding a +5 short sword and wearing a +0 robe (heavily damaged, 76% to hit)
The stone arrow hits the wight!
The wight is almost destroyed.
The wight barely misses you.
The wight hits you from afar with a +0 trident.
You feel drained.
The wight hits you with a +5 short sword!
* * * LOW HITPOINT WARNING * * *
You feel drained.
* * * LOW HITPOINT WARNING * * *
The wight hits you from afar with a +0 trident!
You die...

..... #.# ##### .... #z# ....#
### #z# ....# #######.### ....#
.[......... ....#
#######################.###
....# #.....................#.#
#
....###........#))..........#.#
#
.......J.oo..o.#@...........'.#
#
#######..#####.#z...........###
# ##..####.'s.z.........# #
##......#............# #
######...####......### #
###.####.#......####
####...#.........+...
#.....>.).#.#....####
#.#######.#.#.)..#


You could see a scorpion and 2 wights.

Vanquished Creatures
  An ice beast (D:6)
  A scorpion (D:4)
  A wight (D:6)
  2 hounds
  A jelly (D:6)
  An orc priest (D:5)
  4 iguanas
  A sleepcap (D:4)
  Natasha (thrice) (D:3)
  An orc wizard (D:6)
  Robin (D:4)
  3 adders
  2 shadow imps (D:6)
  A white imp (D:6)
  An ufetubus (D:6)
  A worm (D:2)
  2 dart slugs (D:1)
  17 orcs
  7 endoplasms
  3 giant cockroaches
  13 goblins
  8 hobgoblins
  5 quokkas
  3 ball pythons
  4 bats
  A frilled lizard (D:3)
  7 kobolds
  3 rats
98 creatures vanquished.

Notes
Turn   | Place    | Note
-------+----------+-------------------------------------------
     0 | D:1      | NateTC the Deep Elf Earth Elementalist began the quest for
                  | the Orb.
     0 | D:1      | Reached XP level 1. HP: 10/10 MP: 6/6
   132 | D:1      | Reached skill level 1 in Conjurations
   190 | D:1      | Reached XP level 2. HP: 15/15 MP: 4/8
   802 | D:2      | Reached XP level 3. HP: 19/19 MP: 6/10
  1250 | D:3      | Learned a level 3 spell: Stone Arrow
  1348 | D:3      | Identified the +2 ring mail of the Kangaroo {Int-3 Dex+3}
  1500 | D:3      | Noticed Natasha
  1505 | D:3      | Killed Natasha
  1506 | D:3      | Reached XP level 4. HP: 14/24 MP: 8/12
  1686 | D:3      | Noticed Natasha
  1692 | D:3      | Killed Natasha
  1755 | D:3      | Noticed Natasha
  1761 | D:3      | Killed Natasha
  1762 | D:3      | Reached XP level 5. HP: 21/28 MP: 10/13
  2143 | D:4      | Reached XP level 6. HP: 32/32 MP: 13/15
  2191 | D:4      | Found Mufaot's Book Shop.
  2332 | D:4      | Noticed Robin
  2333 | D:4      | Reached skill level 5 in Spellcasting
  2336 | D:4      | Killed Robin
  2639 | D:5      | Entered Level 5 of the Dungeon
  2825 | D:5      | Found the +5 woodcutter's axe
  3114 | D:5      | Reached skill level 5 in Conjurations
  3260 | D:5      | Reached skill level 5 in Earth Magic
  3752 | D:6      | Reached XP level 7. HP: 26/36 MP: 14/17
  4261 | D:6      | Mangled by a wight

Illustrated notes

Levels and vault maps discovered:
D:1:      roderic_dead_forest, layout_rooms
D:2:      layout_rooms
D:3:      layout_rooms, chequers_jeans, st_stairs_5,
          chequers_serial_rivers_micro_b, uniq_natasha
D:4:      layout_rooms, serial_shops, nicolae_stop_n_shop_1,
          minmay_goblin_outpost, uniq_robin
D:5:      layout_loops_ring
D:6:      layout_basic, amethyst_overflow_temple_binary

Skill      XL: |  1  2  3  4  5  6  7 |
---------------+----------------------+-----
Conjurations   | 1 2 3 4 5 6 |  6.2
Spellcasting   | 4 5 6 |  6.0
Earth Magic    | 4 5 |  5.6
Dodging        | |  2.4
Stealth        | |  2.4
Transmutations | |  1.1

Action                     |  1- 3 |  4- 6 |  7- 9 || total
---------------------------+-------+-------+-------++-------
  Melee: Unarmed           |     6 |       |       ||     6
   Cast: Sandblast         |    59 |    80 |    23 ||   162
         Stone Arrow       |       |       |     3 ||     3
    Use: Scroll            |     5 |     5 |       ||    10
 Armour: Robe              |     4 |     5 |     7 ||    16
  Dodge: Dodged            |    12 |    21 |    18 ||    51
  Block: Other             |       |       |     1 ||     1
